 Dungeon Crawl Stone Soup version 0.27-a0-1281-ge233d83751 (webtiles) character file.

Game seed: 1910743483484125248

58 Tumalu the Poker (level 3, 0/29 HPs)
             Began as a Demonspawn Monk on June 13, 2021.
             Succumbed to a scorpion's poison
             ... on level 2 of the Dungeon.
             The game lasted 00:04:18 (1818 turns).

Tumalu the Poker (Demonspawn Monk)                  Turns: 1818, Time: 00:04:19

Health: 0/29       AC:  4    Str: 11    XL:     3   Next: 76%
Magic:  3/3        EV: 13    Int: 11    God:
Gold:   54         SH:  0    Dex: 16    Spells: 2/2 levels left

rFire    . . .     SeeInvis .   a - +0 spear
rCold    . . .     Faith    .   (no shield)
rNeg     . . .     Spirit   .   b - +0 robe
rPois    .         Reflect  .   (helmet restricted)
rElec    .         Harm     .   h - +0 cloak
rCorr    .         Rampage  .   k - +0 pair of gloves
Will     .....                  (no boots)
Stlth    ++........             (no amulet)
HPRegen  0.09/turn              (no ring)
MPRegen  0.08/turn              (no ring)

@: brilliant, lethally poisoned (0 -> -3), attractive, hasted, very quick
A: horns 1, demonic guardian 1
a: no special abilities


You were on level 2 of the Dungeon.
You visited 1 branch of the dungeon, and saw 2 of its levels.

You collected 54 gold pieces.

Inventory:

Hand Weapons
 a - a +0 spear (weapon)
Armour
 b - a +0 robe (worn)
 h - a +0 cloak (worn)
 k - a +0 pair of gloves (worn)
Scrolls
 e - a scroll of holy word {unknown}
 f - a scroll of identify {unknown}
 i - a scroll of blinking {unknown}
Potions
 j - a potion of heal wounds {unknown}


   Skills:
 - Level 3.0 Fighting
 + Level 4.3 Polearms
 - Level 2.6 Dodging
 - Level 1.7 Stealth


You had 2 spell levels left.
You didn't know any spells.
Your spell library contained the following spells:

 Spells                   Type           Power      Damage    Failure   Level
 Magic Dart               Conj           0%         1d3       34%         1
 Searing Ray              Conj           0%         3d3       47%         2
 Dazzling Flash           Conj/Hex       0%         N/A       71%         3
 Fulminant Prism          Conj/Hex       0%         3d6       98%         4
 Iskenderun's Mystic Bla  Conj/Tloc      0%         2d3       98%         4


Dungeon Overview and Level Annotations

Branches:
Dungeon (2/15)

Altars:

Shops:
D:2 !*


Innate Abilities, Weirdness & Mutations

You have a pair of small horns on your head.
A weak demonic guardian rushes to your aid.


Message History

You reach to attack!
The helpless scorpion fails to defend itself.
You hit the scorpion but do no damage. The scorpion stings you.
You hit the scorpion.
The scorpion is lightly wounded.
The kobold shouts!
The scorpion stings you.
You barely miss the scorpion. Your headbutt misses the scorpion.
The scorpion is lightly wounded.
The kobold misses you. The scorpion misses you.
You hit the scorpion.
The scorpion is lightly wounded.
The scorpion barely misses you. The kobold hits you but does no damage.
The scorpion barely misses you. The scorpion stings you!
You are poisoned.
The scorpion poisons you!
You feel very sick.
You feel sick.
It was a potion of attraction.
You feel attractive to monsters.
You feel sick. The scorpion stings you.
* * * LOW HITPOINT WARNING * * *
A demonic guardian appears!
The kobold closely misses your shadow imp.
* * * LOW HITPOINT WARNING * * *
You feel sick.
Your shadow imp hits the kobold.
The kobold dies!
It was a potion of haste.
You feel yourself speed up.
* * * LOW HITPOINT WARNING * * *
You feel sick. The scorpion barely misses you.
The scorpion stings you but does no damage.
Okay, then.
Okay, then.
* * * LOW HITPOINT WARNING * * *
You feel sick. The scorpion is pulled toward you!
There is an open door here.
It was a potion of brilliance.
You feel clever all of a sudden.
You die...

##..#.†###.♣.∩.♣.#.###.##....##
##..###).##...♣.#.#.....##....#
##..##.##..#####.#.#...#.......#
#..##.B.##..###..#.#####.##....##
...# #..#...#...#.#.............
.#...#[#...#...#5#.#.###.##......
.##..# #..##..##.#.#.#...........
..##..#..##..###s#.....##.#......
#..##...##..####@#...##..........
##..##.##..##.............#....>.
##..###..###......#..#.#.#......
##..#..##.......<.....#.#......
##...###.#.....##..#.#........
##.## #.#.##'#.####.#.#.#+#'#
######.#......# #.#.#.#....
#.....####...# #.#.#.###.#
#.##### #############.###.#


You could see a scorpion (ally target) and a friendly shadow imp (summoned).

Vanquished Creatures
  An adder (D:2)
  A gnoll (D:1)
  3 bats (D:1)
  3 endoplasms (D:2)
  4 goblins
  4 hobgoblins
  2 jackals (D:2)
  2 kobolds
  3 quokkas
  6 ball pythons
  2 frilled lizards (D:1)
  6 rats
37 creatures vanquished.

Vanquished Creatures (collateral kills)
  A kobold (D:2)
1 creature vanquished.

Grand Total: 38 creatures vanquished

Notes
Turn   | Place    | Note
-------+----------+-------------------------------------------
     0 | D:1      | Tumalu the Demonspawn Monk began the quest for the Orb.
     0 | D:1      | Reached XP level 1. HP: 18/18 MP: 1/1
   101 | D:1      | Found a faded altar of an unknown god.
   138 | D:1      | Reached skill level 3 in Polearms
   202 | D:1      | Gained mutation: You have a pair of small horns on your
                  | head. [demonic ancestry]
   202 | D:1      | Reached XP level 2. HP: 24/24 MP: 2/2
   650 | D:1      | Gained mutation: A weak demonic guardian rushes to your
                  | aid. [demonic ancestry]
   650 | D:1      | Reached XP level 3. HP: 18/29 MP: 3/3
  1282 | D:2      | Reached skill level 4 in Polearms
  1718 | D:2      | Found Ydapses's Distillery.
  1723 | D:2      | Found Rewiwk's Assorted Antiques.
  1798 | D:2      | Noticed a scorpion
  1817 | D:2      | HP: 1/29 [poisoned by a scorpion]
  1818 | D:2      | Succumbed to a scorpion's poison

Illustrated notes

Levels and vault maps discovered:
D:1:      minmay_arrival_semitransparent, layout_basic,
          ebering_ecumenical_altar_rust, st_stairs_10
D:2:      minmay_alternating_diamond, layout_basic, serial_shops,
          nicolae_shop_trees, shop

Skill      XL: |  1  2  3 |
---------------+----------+-----
Polearms       | 3 4 |  4.3
Fighting       | |  3.0
Dodging        | |  2.6
Stealth        | |  1.7

Action                   || total
-------------------------++-------
Melee: Spear             ||   110
       Headbutt          ||     8
  Use: Potion            ||     3
 Stab: Sleeping          ||     8
Armor: Robe              ||    17
Dodge: Dodged            ||    49

Table legend: (Time is in decaauts)
 A = Elapsed time spent in this place.
 B = Non-inter-level travel time spent in this place.
 C = Inter-level travel time spent in this place.
 D = Time resting spent in this place.
 E = Time spent auto-exploring this place.
 F = Levels seen in this place.
 G = Mean time per level.
                   A        B        C        D        E       F      G
               +--------+--------+--------+--------+--------+-----+--------+
         Total |   1808 |   1762 |     46 |      0 |   1485 |   2 |  904.0 |
       Dungeon |   1808 |   1762 |     46 |      0 |   1485 |   2 |  904.0 |
               +--------+--------+--------+--------+--------+-----+--------+

Top non-repeatable levels by time:
     D:1: 1111 daAuts
     D:2: 697 daAuts
